Map: Echo LE (Void)

Players

Bhodi

  • Race: Terran Terran
  • League: Gold
  • Spawn Location: 5:00

Fropez - Winner!

  • Race: Protoss Protoss
  • League: Gold
  • Spawn Location: 11:00

VOD

Have the link to the VOD?

Description

Time

  • Played on: Nov. 28, 2016, 6:17 p.m.
  • Length: 18:53
Show
View Real Time Build Order
Export as new Build Order

Bhodi Terran 

Build Orders: Reaper Expand 

Get SALT Encoding   

  12  0:02  SCV  
  13  0:15  SCV  
  14  0:28  SCV  
  14  0:31  Supply Depot  
  15  0:42  Refinery  
  15  0:53  SCV  
  16  0:57  Barracks  
  16  1:05  SCV  
  17  1:24  Command Center  
  17  1:29  SCV  
  18  1:41  SCV  
  18  1:45  Supply Depot, Reaper  
  20  1:53  SCV  
  21  2:09  Refinery  
  21  2:12  Orbital Command  
  21  2:17  Marine  
  22  2:40  SCV x2  
  24  2:52  Marine  
  25  3:06  SCV  
  25  3:07  SCV  
  25  3:10  Marine  
  25  3:11  Supply Depot  
  25  3:12  Factory  
  28  3:18  SCV  
  29  3:28  Marine  
  30  3:34  Factory  
  29  3:44  SCV  
  29  3:45  Marine  
  29  3:46  Orbital Command  
  31  3:56  SCV  
  31  3:59  Factory Reactor  
  32  4:09  SCV  
  33  4:10  Barracks  
  33  4:20  SCV  
  33  4:21  SCV  
  35  4:27  Factory Tech Lab  
  35  4:32  SCV, Refinery  
  35  4:33  SCV  
  35  4:34  Refinery  
  35  4:35  Barracks Tech Lab  
  37  4:40  Cyclone x2  
  37  4:45  SCV  
  44  4:46  Siege Tank  
  44  4:50  Supply Depot  
  47  4:55  SCV  
  47  4:57  SCV  
  47  4:58  Engineering Bay  
  49  5:07  SCV  
  49  5:13  Supply Depot  
  48  5:18  Siege Tank  
  49  5:40  Missile Turret  
  49  5:43  Missile Turret  
  49  5:46  SCV x2  
  49  5:47  Supply Depot x2  
  51  5:50  Siege Tank, Supply Depot  
  54  5:58  SCV  
  54  6:04  SCV  
  56  6:10  SCV  
  57  6:16  SCV  
  58  6:20  Missile Turret  
  58  6:22  SCV  
  59  6:28  SCV  
  59  6:29  Starport x2  
  60  6:34  Armory  
  60  6:35  SCV  
  60  6:36  Armory  
  60  6:38  Missile Turret  
  61  6:40  SCV  
  63  6:47  SCV, Cyclone  
  63  6:49  Mag-Field Launchers  
  66  7:08  Command Center  
  66  7:28  SCV x2  
  68  7:40  SCV x2  
  68  7:44  Missile Turret  
  70  7:47  Missile Turret  
  70  7:48  Missile Turret  
  70  7:52  SCV x2  
  70  7:57  Cyclone x3  
  81  8:04  SCV, Refinery  
  82  8:08  Refinery  
  82  8:09  Missile Turret  
  79  8:29  Cyclone  
  82  8:35  Cyclone x2  
  88  8:44  Marine  
  89  8:49  Terran Ship Weapons Level 1, Terran Vehicle And Ship Armor Level 1  
  89  8:51  Starport Tech Lab  
  89  9:01  Fusion Core, Starport Tech Lab, Cyclone  
  89  9:02  Marine, SCV  
  94  9:03  SCV  
  94  9:04  Planetary Fortress  
  94  9:07  Cyclone  
  91  9:20  Marine  
  92  9:38  Marine  
  83  9:51  Siege Tank  
  68  9:56  Marine  
  71  10:00  Battlecruiser  
  71  10:04  Battlecruiser  
  67  10:40  Thor  
  58  11:36  Command Center  
  58  11:44  Command Center  
  58  11:46  Command Center  
  58  12:02  Supply Depot  
  58  12:03  Supply Depot x2  
  58  12:04  Supply Depot x2  
  58  12:05  Supply Depot  
  58  12:06  Supply Depot  
  58  12:09  Terran Ship Weapons Level 2  
  57  12:25  Widow Mine  
  57  12:26  SCV x2, Battlecruiser  
  57  12:27  Battlecruiser  
  57  12:28  Supply Depot  
  76  12:38  SCV x2  
  78  12:50  SCV  
  76  12:54  Widow Mine  
  75  13:02  SCV  
  64  13:22  Widow Mine  
  63  13:30  Battlecruiser  
  33  14:19  Factory Reactor  
  30  14:33  Factory Reactor  
  30  14:34  Battlecruiser  
  36  14:56  SCV  
  37  15:03  Command Center  
  31  15:08  SCV  
  32  15:17  Command Center  
  32  15:20  SCV  
  21  16:32  SCV  
Show
View Real Time Build Order
Export as new Build Order

Fropez Protoss - Winner!

Build Orders: 1 Gate Expand 

Get SALT Encoding   

  12  0:00  Probe (Chrono Boost)  
  13  0:11  Probe (Chrono Boost)  
  14  0:22  Probe (Chrono Boost)  
  14  0:23  Pylon  
  15  0:36  Assimilator  
  15  0:41  Probe (Chrono Boost)  
  16  0:49  Gateway  
  16  0:51  Probe (Chrono Boost)  
  17  1:02  Probe (Chrono Boost)  
  18  1:14  Probe (Chrono Boost), Gateway  
  18  1:15  Assimilator  
  19  1:25  Probe (Chrono Boost)  
  20  1:43  Nexus  
  20  1:50  Probe (Chrono Boost)  
  21  1:59  Cybernetics Core  
  22  2:01  Probe (Chrono Boost)  
  22  2:12  Probe (Chrono Boost)  
  23  2:38  Pylon  
  23  2:41  Pylon  
  22  2:45  Warp Gate (Chrono Boost)  
  22  2:54  Stalker x2  
  22  2:55  Mothership Core (Chrono Boost)  
  28  3:10  Probe (Chrono Boost)  
  29  3:13  Probe (Chrono Boost)  
  29  3:21  Probe  
  29  3:24  Stalker x2  
  33  3:44  Probe  
  33  3:46  Probe  
  35  3:54  Pylon  
  35  3:57  Pylon, Probe  
  36  4:10  Probe  
  36  4:11  Probe  
  38  4:20  Probe, Assimilator  
  39  4:25  Probe  
  39  4:27  Forge  
  39  4:31  Probe  
  41  4:39  Twilight Council  
  41  4:40  Gateway  
  41  4:41  Probe  
  41  4:44  Gateway  
  42  4:46  Pylon  
  42  4:49  Pylon  
  42  4:52  Pylon  
  42  5:00  Stalker x2  
  46  5:21  Pylon  
  46  5:22  Pylon  
  46  5:25  Stalker x2  
  46  5:42  Protoss Ground Weapons Level 1 (Chrono Boost)  
  46  5:43  Blink (Chrono Boost)  
  46  5:44  Stalker  
  46  5:45  Stalker  
  50  5:51  Assimilator  
  50  5:53  Probe  
  51  6:03  Gateway  
  51  6:15  Adept x4  
  51  6:16  Robotics Facility  
  51  6:18  Robotics Facility  
  59  6:23  Probe  
  59  6:24  Probe  
  61  6:32  Pylon  
  61  6:36  Probe  
  61  6:37  Probe  
  63  6:41  Pylon  
  63  6:47  Stalker x2  
  67  6:57  Sentry x2  
  67  6:58  Pylon  
  71  7:03  Immortal (Chrono Boost)  
  71  7:05  Immortal (Chrono Boost)  
  71  7:07  Probe  
  80  7:08  Probe  
  81  7:25  Nexus  
  81  7:32  Probe  
  81  7:34  Probe  
  83  7:38  Adept  
  83  7:39  Adept x2  
  89  7:51  Immortal (Chrono Boost)  
  93  7:52  Observer (Chrono Boost)  
  94  8:00  Stalker x3  
  94  8:05  Probe  
  101  8:09  Resonating Glaives  
  101  8:10  Probe  
  98  8:29  Stalker  
  98  8:30  Stalker x2  
  102  9:04  Protoss Ground Weapons Level 2  
  102  9:06  Pylon  
  102  9:08  Pylon  
  102  9:17  Immortal (Chrono Boost)  
  102  9:19  Immortal (Chrono Boost), Templar Archives  
  100  9:26  Adept x2  
  100  9:27  Adept x3  
  100  9:56  Adept x5  
  106  10:26  Nexus  
  102  10:28  Assimilator  
  102  10:32  Assimilator  
  102  10:40  Stalker x3  
  102  10:41  Stalker  
  102  10:42  Warp Prism (Chrono Boost)  
  108  10:48  Probe  
  101  11:27  Stalker x3  
  101  11:28  Stalker x2  
  111  11:35  Gateway  
  111  11:37  Gateway  
  111  11:41  Pylon  
  111  11:43  Pylon  
  111  11:59  Stalker x2  
  111  12:00  Stalker x3  
  121  12:20  Gateway  
  121  12:24  Pylon  
  121  12:27  Pylon  
  95  13:19  Stalker x5  
  105  13:25  Gateway  
  101  13:28  Gateway  
  101  13:29  Gateway  
  83  13:48  Protoss Ground Weapons Level 3  
  79  13:53  High Templar  
  79  13:54  High Templar x5  
  85  13:57  Gateway  
  85  13:58  Gateway  
  81  14:09  Zealot x2  
  69  14:17  Nexus  
  69  14:18  Archon x3  
  69  14:21  Probe x2, Assimilator  
  69  14:23  Assimilator  
  63  14:38  High Templar  
  63  14:39  High Templar x6  
  63  14:42  Archon  
  63  14:43  Archon x2  
  68  15:10  High Templar  
  68  15:11  High Templar x2  
  68  15:13  Stalker  
  76  15:14  Archon  
  72  15:25  Zealot x4  
  72  15:26  Zealot x5  
  87  16:07  Stalker x3  
  87  16:08  Stalker x3  
  99  16:20  Stalker x3  
  99  16:21  Stalker x3  
  109  17:00  Nexus  
  109  17:13  Stalker x5  
  109  17:15  Warp Prism (Chrono Boost)  
  121  17:16  Probe  
  121  17:18  Probe x2  
  124  18:03  Stargate  
  124  18:06  Stargate x2  
  124  18:18  Zealot x2  
  124  18:19  Zealot x4  
  136  18:20  Zealot  
Tags
 
Add a new tag
Caveats
  • Supply blocks, unpowered buildings, or Contaminate may cause inaccurate times.
  • Supply counts are checked every 10 seconds.